3L
ECHO PARK LAKERS @ BROOKLYN DODGERS
08/03/2042
 
TOP OF THE 1ST
Echo Park Lakers batting - Pitching for Brooklyn Dodgers : RHP Ken Grant
Pitching: RHP Ken Grant
Batting: RHB Joe Mueller 0-0: Called Strike
0-1: Foul Ball, location: 2F
0-2: Strikes out swinging
Batting: LHB Joe Schreibvogel 0-0: Foul Ball, location: 2F
0-1: Foul Ball, location: 2F
0-2: Ground out 2-3 (Groundball, 13S, EV 73.8 MPH)
Batting: LHB Philip Todd 0-0: Ball
1-0: Ball
2-0: Ball
3-0: Base on Balls
Batting: LHB Jonathan Winston 0-0: Ball
1-0: Ball
2-0: Foul Ball, location: 2F
2-1: Ball
3-1: Base on Balls
Philip Todd to second
Batting: RHB Komotay Koffie 0-0: Ball
1-0: Ball
2-0: Ball
3-0: Foul Ball, location: 2F
3-1: Called Strike
3-2: Base on Balls
Philip Todd to third
Jonathan Winston to second
Batting: RHB Maema Njongmeta 0-0: Ball
1-0: Foul Ball, location: 2F
1-1: Called Strike
1-2: Strikes out swinging
Top of the 1st over - 0 runs, 0 hits, 0 errors, 3 left on base; Echo Park 0 - Brooklyn 0
BOTTOM OF THE 1ST
Brooklyn Dodgers batting - Pitching for Echo Park Lakers : LHP Lance Barber
Pitching: LHP Lance Barber
Batting: SHB Koryusai Ohayashi 0-0: Ground out 1-3 (Groundball, 23, EV 74.4 MPH)
Batting: SHB Fa-hsien Tze 0-0: Called Strike
0-1: Ball
1-1: Ball
2-1: SINGLE (Groundball, 34D, EV 94.4 MPH)
Batting: RHB Carlos Muñóz 0-0: Foul Ball, location: 2F
0-1: Ball
1-1: Ball
2-1: Ball
3-1: Fly out, F7 (Flyball, 7D, EV 100.0 MPH)
Runner from 1st tags up, SAFE at 2nd
Batting: RHB Phil McCroskey 0-0: Called Strike
0-1: Ground out 6-3 (Groundball, 6, EV 108.8 MPH)
Bottom of the 1st over - 0 runs, 1 hit, 0 errors, 1 left on base; Echo Park 0 - Brooklyn 0
TOP OF THE 2ND
Echo Park Lakers batting - Pitching for Brooklyn Dodgers : RHP Ken Grant
Batting: LHB Ben Bullock 0-0: Called Strike
0-1: Foul Ball, location: 2F
0-2: Strikes out swinging
Batting: RHB Tony Calhoun 0-0: Ground out 5-3 (Groundball, 5, EV 91.2 MPH)
Batting: LHB Hai-feng Tang 0-0: Swinging Strike
0-1: Ball
1-1: Foul Ball, location: 2F
1-2: SINGLE (Groundball, 3D, EV 105.6 MPH)
Batting: RHB Joe Mueller 0-0: Called Strike
0-1: Swinging Strike
0-2: Strikes out swinging
Top of the 2nd over - 0 runs, 1 hit, 0 errors, 1 left on base; Echo Park 0 - Brooklyn 0
BOTTOM OF THE 2ND
Brooklyn Dodgers batting - Pitching for Echo Park Lakers : LHP Lance Barber
Batting: LHB Jung-joon Yi 0-0: Called Strike
0-1: Called Strike
0-2: Ball
1-2: DOUBLE (Line Drive, 3D, EV 101.2 MPH)
Batting: RHB Quindarious Monday 0-0: Foul Ball, location: 2F
0-1: Ground out 1-3 (Groundball, 13S, EV 70.0 MPH)
Jung-joon Yi to third
Batting: RHB Alexis Hines 0-0: Ball
1-0: Called Strike
1-1: Ball
2-1: Foul Ball, location: 2F
2-2: Foul Ball, location: 2F
2-2: Fly out, F8 (Flyball, 8LM, EV 85.0 MPH)
Runner from 3rd tags up, OUT at HOME! 8-2
Bottom of the 2nd over - 0 runs, 1 hit, 0 errors, 0 left on base; Echo Park 0 - Brooklyn 0
TOP OF THE 3RD
Echo Park Lakers batting - Pitching for Brooklyn Dodgers : RHP Ken Grant
Batting: LHB Joe Schreibvogel 0-0: Ball
1-0: Swinging Strike
1-1: SINGLE (Flyball, 7LS, EV 93.1 MPH)
Batting: LHB Philip Todd 0-0: Called Strike
0-1: Ball
1-1: Swinging Strike
1-2: Ball
2-2: Hit by Pitch
Joe Schreibvogel to second
Batting: LHB Jonathan Winston 0-0: Foul Ball, location: 2F
0-1: Ball
1-1: 3-RUN HOME RUN (Flyball, 89XD, EV 108.8 MPH), Distance : 421 ft
Batting: RHB Komotay Koffie 0-0: Ball
1-0: Ball
2-0: Foul Ball, location: 2F
2-1: Ball
3-1: Foul Ball, location: 2F
3-2: Base on Balls
Batting: RHB Maema Njongmeta 0-0: Ball
1-0: Ball
2-0: Swinging Strike
2-1: Foul Ball, location: 2F
2-2: Foul Ball, location: 2F
2-2: Ground out 4-3 (Groundball, 4S, EV 87.5 MPH)
Komotay Koffie to second
Batting: LHB Ben Bullock 0-0: Ball
1-0: Ground out 4-3 (Groundball, 4M, EV 90.0 MPH)
Komotay Koffie to third
Batting: RHB Tony Calhoun 0-0: Ball
1-0: Ball
2-0: Foul Ball, location: 2F
2-1: Foul Ball, location: 2F
2-2: Ball
3-2: Foul Ball, location: 2F
3-2: Foul Ball, location: 2F
3-2: Foul Ball, location: 2F
3-2: Reached on error, E6 (Groundball, 6S, EV 88.1 MPH)
Komotay Koffie scores
Batting: LHB Hai-feng Tang 0-0: Ball
Tony Calhoun steals 2nd base
1-0: Foul Ball, location: 2F
1-1: Called Strike
1-2: Ball
2-2: Ball
3-2: Base on Balls
Batting: RHB Joe Mueller 0-0: Foul Ball, location: 2F
0-1: Ball
1-1: Swinging Strike
1-2: Foul Ball, location: 2F
1-2: Foul Ball, location: 2F
1-2: Ball
2-2: Ball
3-2: Base on Balls
Tony Calhoun to third
Hai-feng Tang to second
Batting: LHB Joe Schreibvogel 0-0: Ball
1-0: Ball
2-0: Called Strike
2-1: Ground out 4-3 (Groundball, 34, EV 85.6 MPH)
Top of the 3rd over - 4 runs, 2 hits, 1 error, 3 left on base; Echo Park 4 - Brooklyn 0
BOTTOM OF THE 3RD
Brooklyn Dodgers batting - Pitching for Echo Park Lakers : LHP Lance Barber
Batting: RHB Fytor Ceia 0-0: Ground out 6-3 (Groundball, 6S, EV 87.5 MPH)
Batting: RHB Emerson Horton 0-0: Called Strike
0-1: Ground out 6-3 (Groundball, 6M, EV 84.4 MPH)
Batting: SHB Koryusai Ohayashi 0-0: Ground out 1-3 (Groundball, 13, EV 87.5 MPH)
Bottom of the 3rd over - 0 runs, 0 hits, 0 errors, 0 left on base; Echo Park 4 - Brooklyn 0
TOP OF THE 4TH
Echo Park Lakers batting - Pitching for Brooklyn Dodgers : RHP Ken Grant
Batting: LHB Philip Todd 0-0: Ball
1-0: Ball
2-0: Ball
3-0: Called Strike
3-1: Base on Balls
Batting: LHB Jonathan Winston 0-0: Ball
1-0: Ball
2-0: Swinging Strike
2-1: Swinging Strike
2-2: Ball
3-2: Strikes out swinging
Batting: RHB Komotay Koffie 0-0: Grounds into double play, 5-4-3 (Groundball, 56S, EV 86.2 MPH)
Top of the 4th over - 0 runs, 0 hits, 0 errors, 0 left on base; Echo Park 4 - Brooklyn 0
BOTTOM OF THE 4TH
Brooklyn Dodgers batting - Pitching for Echo Park Lakers : LHP Lance Barber
Batting: SHB Fa-hsien Tze 0-0: Foul Ball, location: 2F
0-1: Foul Ball, location: 2F
0-2: Ball
1-2: Ball
2-2: Ball
3-2: Base on Balls
Batting: RHB Carlos Muñóz 0-0: Called Strike
0-1: Called Strike
0-2: DOUBLE (Line Drive, 9LM, EV 94.4 MPH)
Fa-hsien Tze to third
Runner from 3rd tries for Home, SAFE, no throw by RF
Batting: RHB Phil McCroskey 0-0: Ball
1-0: Called Strike
1-1: Foul Ball, location: 2F
1-2: Ball
2-2: Foul Ball, location: 2F
2-2: Foul Ball, location: 2F
2-2: Ground out 1-3 (Groundball, 13, EV 80.0 MPH)
Carlos Muñóz to third
Batting: LHB Jung-joon Yi 0-0: Ball
1-0: Ball
2-0: Foul Ball, location: 2F
2-1: Swinging Strike
2-2: Strikes out swinging
Batting: RHB Quindarious Monday 0-0: Called Strike
0-1: Hit by Pitch
Batting: RHB Alexis Hines 0-0: Ball
1-0: Called Strike
1-1: Swinging Strike
1-2: Ball
2-2: Ball
3-2: Strikes out swinging
Bottom of the 4th over - 1 run, 1 hit, 0 errors, 2 left on base; Echo Park 4 - Brooklyn 1
TOP OF THE 5TH
Echo Park Lakers batting - Pitching for Brooklyn Dodgers : RHP Ken Grant
Batting: RHB Maema Njongmeta 0-0: Ball
1-0: Swinging Strike
1-1: Ball
2-1: Called Strike
2-2: Ground out 1-3 (Groundball, 34S, EV 90.0 MPH)
Pitching: RHP Harrison Tuff
Batting: LHB Ben Bullock 0-0: Called Strike
0-1: Ball
1-1: Foul Ball, location: 2F
1-2: Ball
2-2: Ball
3-2: Ground out U3 (Groundball, 34, EV 90.6 MPH)
Batting: RHB Tony Calhoun 0-0: SOLO HOME RUN (Flyball, 7D, EV 101.2 MPH), Distance : 379 ft
Batting: LHB Hai-feng Tang 0-0: Ball
1-0: Foul Ball, location: 2F
1-1: Fly out, F8 (Flyball, 78D, EV 102.5 MPH)
Top of the 5th over - 1 run, 1 hit, 0 errors, 0 left on base; Echo Park 5 - Brooklyn 1
BOTTOM OF THE 5TH
Brooklyn Dodgers batting - Pitching for Echo Park Lakers : LHP Lance Barber
Batting: RHB Fytor Ceia 0-0: Ball
1-0: Called Strike
1-1: Ball
2-1: Foul Ball, location: 2F
2-2: Foul Ball, location: 2F
2-2: Foul Ball, location: 2F
2-2: Foul Ball, location: 2F
2-2: Foul Ball, location: 2F
2-2: Strikes out swinging
Batting: RHB Emerson Horton 0-0: Ball
1-0: Ball
2-0: Fly out, F9 (Flyball, 9S, EV 77.5 MPH)
Batting: SHB Koryusai Ohayashi 0-0: Foul Ball, location: 2F
0-1: SINGLE (Groundball, 6MD, EV 103.1 MPH)
Batting: SHB Fa-hsien Tze 0-0: Ball
1-0: SINGLE (Groundball, 34, EV 85.0 MPH) (infield hit)
Koryusai Ohayashi to second
Batting: RHB Carlos Muñóz 0-0: Foul Ball, location: 2F
0-1: Ball
1-1: Called Strike
1-2: Strikes out swinging
Bottom of the 5th over - 0 runs, 2 hits, 0 errors, 2 left on base; Echo Park 5 - Brooklyn 1
TOP OF THE 6TH
Echo Park Lakers batting - Pitching for Brooklyn Dodgers : RHP Harrison Tuff
Batting: RHB Joe Mueller 0-0: Ball
1-0: Called Strike
1-1: Fly out, F8 (Line Drive, 8LD, EV 92.5 MPH)
Batting: LHB Joe Schreibvogel 0-0: Called Strike
0-1: Ball
1-1: Swinging Strike
1-2: Ground out 3-1 (Groundball, 34S, EV 81.9 MPH)
Batting: LHB Philip Todd 0-0: Swinging Strike
0-1: DOUBLE (Line Drive, 9LM, EV 99.4 MPH)
Batting: LHB Jonathan Winston 0-0: Called Strike
0-1: Ball
1-1: Fly out, F9 (Flyball, 9S, EV 89.4 MPH)
Top of the 6th over - 0 runs, 1 hit, 0 errors, 1 left on base; Echo Park 5 - Brooklyn 1
BOTTOM OF THE 6TH
Brooklyn Dodgers batting - Pitching for Echo Park Lakers : LHP Lance Barber
Pitching: RHP Chun-mei Bao
Batting: RHB Phil McCroskey 0-0: Foul Ball, location: 2F
0-1: Foul Ball, location: 2F
0-2: Ground out 6-3 (Groundball, 56, EV 108.1 MPH)
Batting: LHB Jung-joon Yi 0-0: Swinging Strike
0-1: Ball
1-1: Called Strike
1-2: Ball
2-2: Ball
3-2: SOLO HOME RUN (Flyball, 9LD, EV 103.8 MPH), Distance : 336 ft
Batting: RHB Quindarious Monday 0-0: Foul Ball, location: 2F
0-1: Swinging Strike
0-2: Strikes out swinging
Batting: RHB Alexis Hines 0-0: Ball
1-0: Foul Ball, location: 2F
1-1: Swinging Strike
1-2: Foul Ball, location: 2F
1-2: Ball
2-2: Strikes out swinging
Bottom of the 6th over - 1 run, 1 hit, 0 errors, 0 left on base; Echo Park 5 - Brooklyn 2
TOP OF THE 7TH
Echo Park Lakers batting - Pitching for Brooklyn Dodgers : RHP Harrison Tuff
Batting: RHB Komotay Koffie 0-0: Swinging Strike
0-1: Swinging Strike
0-2: Strikes out swinging
Batting: RHB Maema Njongmeta 0-0: Called Strike
0-1: Ball
1-1: Foul Ball, location: 2F
1-2: Foul Ball, location: 2F
1-2: Foul Ball, location: 2F
1-2: Fly out, F4 (Line Drive, 4, EV 65.6 MPH)
Batting: LHB Ben Bullock 0-0: SOLO HOME RUN (Flyball, 89XD, EV 98.1 MPH), Distance : 418 ft
Batting: RHB Tony Calhoun 0-0: Ground out 4-3 (Groundball, 4, EV 83.8 MPH)
Top of the 7th over - 1 run, 1 hit, 0 errors, 0 left on base; Echo Park 6 - Brooklyn 2
BOTTOM OF THE 7TH
Brooklyn Dodgers batting - Pitching for Echo Park Lakers : RHP Chun-mei Bao
Batting: RHB Fytor Ceia 0-0: Fly out, F9 (Line Drive, 9, EV 89.4 MPH)
Batting: RHB Emerson Horton 0-0: Ground out 5-3 (Groundball, 5L, EV 103.8 MPH)
Batting: SHB Koryusai Ohayashi 0-0: Called Strike
0-1: Ball
1-1: Ball
2-1: Ball
3-1: Swinging Strike
3-2: Base on Balls
Pitching: RHP Craig Wash
Batting: SHB Fa-hsien Tze 0-0: Called Strike
0-1: Called Strike
0-2: Ball
1-2: Fly out, F9 (Flyball, 9S, EV 83.8 MPH)
Bottom of the 7th over - 0 runs, 0 hits, 0 errors, 1 left on base; Echo Park 6 - Brooklyn 2
TOP OF THE 8TH
Echo Park Lakers batting - Pitching for Brooklyn Dodgers : RHP Harrison Tuff
Batting: LHB Hai-feng Tang 0-0: Called Strike
0-1: Ball
1-1: Ball
2-1: Ball
3-1: Ground out 6-3 (Groundball, 6, EV 108.1 MPH)
Batting: RHB Joe Mueller 0-0: Ball
1-0: Called Strike
1-1: Swinging Strike
1-2: Ball
2-2: Ball
3-2: Strikes out looking
Pitching: RHP Szekeres Panna
Batting: LHB Joe Schreibvogel 0-0: Called Strike
0-1: Fly out, F8 (Flyball, 8RM, EV 90.0 MPH)
Top of the 8th over - 0 runs, 0 hits, 0 errors, 0 left on base; Echo Park 6 - Brooklyn 2
BOTTOM OF THE 8TH
Brooklyn Dodgers batting - Pitching for Echo Park Lakers : RHP Craig Wash
Batting: RHB Carlos Muñóz 0-0: Called Strike
0-1: Ball
1-1: Ground out 5-3 (Groundball, 56, EV 93.1 MPH)
Batting: RHB Phil McCroskey 0-0: Ball
1-0: Ball
2-0: Called Strike
2-1: Ball
3-1: Base on Balls
Batting: LHB Jung-joon Yi 0-0: Swinging Strike
0-1: Ball
1-1: Swinging Strike
1-2: Foul Ball, location: 2F
1-2: Ball
2-2: Ball
3-2: Foul Ball, location: 2F
3-2: Foul Ball, location: 2F
3-2: Base on Balls
Phil McCroskey to second
Pitching: LHP Onson Sweemey
Batting: RHB Quindarious Monday 0-0: Foul Ball, location: 2F
0-1: Swinging Strike
0-2: Foul Ball, location: 2F
0-2: Ball
1-2: Fly out, F6 (Line Drive, 6, EV 66.9 MPH)
Lined into DP, 6-4 (Line Drive, 6, EV 68.8 MPH)
Bottom of the 8th over - 0 runs, 0 hits, 0 errors, 1 left on base; Echo Park 6 - Brooklyn 2
TOP OF THE 9TH
Echo Park Lakers batting - Pitching for Brooklyn Dodgers : RHP Szekeres Panna
Batting: LHB Philip Todd 0-0: Ball
1-0: Foul Ball, location: 2F
1-1: Ball
2-1: DOUBLE (Line Drive, 89D, EV 114.4 MPH)
Batting: LHB Jonathan Winston 0-0: Called Strike
0-1: SINGLE (Flyball, 9LS, EV 92.5 MPH)
Philip Todd to third
Runner from 3rd tries for Home, SAFE, throw by RF to home
Batting: RHB Komotay Koffie 0-0: Ball
1-0: SINGLE (Groundball, 3D, EV 105.0 MPH)
Jonathan Winston to second
Runner from 2nd tries for 3rd, SAFE, no throw by RF
Batting: RHB Maema Njongmeta 0-0: Called Strike
0-1: Ball
1-1: Called Strike
1-2: Foul Ball, location: 2F
1-2: DOUBLE (Line Drive, 78D, EV 113.1 MPH)
Jonathan Winston scores
Komotay Koffie to third
Batting: LHB Ben Bullock 0-0: Ball
1-0: Ball
2-0: Foul Ball, location: 2F
2-1: Swinging Strike
2-2: Foul Ball, location: 2F
2-2: Foul Ball, location: 2F
2-2: Ground out 6-3 (Groundball, 6M, EV 81.9 MPH)
Komotay Koffie scores
Maema Njongmeta to third
Batting: RHB Tony Calhoun 0-0: Ball
1-0: Ball
2-0: Ball
3-0: Called Strike
3-1: Swinging Strike
3-2: Strikes out swinging
Batting: LHB Hai-feng Tang 0-0: Ball
1-0: Foul Ball, location: 2F
1-1: Ball
2-1: Called Strike
2-2: Ball
3-2: Base on Balls
Pinch Hitting: LHB Cal MacKim 0-0: Ball
1-0: Ball
2-0: Called Strike
2-1: Swinging Strike
2-2: Fly out, F3 (Popup, 3SF, EV 82.5 MPH)
Top of the 9th over - 3 runs, 4 hits, 0 errors, 2 left on base; Echo Park 9 - Brooklyn 2
BOTTOM OF THE 9TH
Brooklyn Dodgers batting - Pitching for Echo Park Lakers : LHP Onson Sweemey
Now in RF: Cal MacKim
Batting: RHB Alexis Hines 0-0: Ball
1-0: Fly out, F8 (Flyball, 8LM, EV 93.1 MPH)
Batting: RHB Fytor Ceia 0-0: Ball
1-0: Ground out 6-3 (Groundball, 6, EV 107.5 MPH)
Batting: RHB Emerson Horton 0-0: Foul Ball, location: 2F
0-1: Ball
1-1: Ball
2-1: SINGLE (Line Drive, 89M, EV 105.0 MPH)
Pinch Hitting: LHB Ronald Lithgoe 0-0: Swinging Strike
0-1: Ball
1-1: Fielders Choice at 2nd, 6-4 (Groundball, 6, EV 93.1 MPH)
Bottom of the 9th over - 0 runs, 1 hit, 0 errors, 1 left on base; Echo Park 9 - Brooklyn 2
Friday, March 26th, 2021 - OOTP Baseball 20.8 Build 74